cohdb
Replays
Latest Replays
All Replays
Popular Replays
Top Player Replays
Match Explorer
How It Works
Community
CoH3 Stats
Reddit
Sign in to upload your games and track your stats! →
Sign in with Steam
Match 43476638
Unlisted
Match 43476638
Overview
Messages
Build Orders
End
Panzergrenadier Squad
Selects Panzerjäger Kommand Battlegroup
Selects Mine Fields
Panzergrenadier Squad
Panzergrenadier Squad
Construct Light Support Kompanie
2.5-tonne Medical Truck
Fire Support Elements
Panzergrenadier Squad
Flakvierling Half-track
Panzerjäger Squad
Selects Defensive Positions
Selects Tank Busters
Flakvierling Half-track
Panzerjäger Squad
Selects Butterfly Bomb Drop
Selects Butterfly Bomb Drop
Butterfly Bomb Drop
Panzerjäger Squad
Selects Crew Shock Tactics
Flakvierling Half-track
Panzerjäger Squad
Flakvierling Half-track
Butterfly Bomb Drop
Construct Panzerarmee Kommand
Selects Anti-tank Overwatch
Butterfly Bomb Drop
Panzer III L Medium Tank
Panzer III L Medium Tank
Butterfly Bomb Drop
Anti-tank Overwatch
Panzer III L Medium Tank
OCTAVOR1
yar_blade
raid
MillenniumKnight
DireRadiant
Sauceram
0
0
Comments
sign in to comment!
No comments posted yet!